 Dungeon Crawl Stone Soup version 0.25-a0-942-g87a53962fc (webtiles) character file.

Game seed: 15505772267541426711, levelgen mode: deterministic

273 MisterFreud the Skirmisher (level 6, 0/52 HPs)
             Began as a Formicid Abyssal Knight on May 7, 2020.
             Was a Believer of Lugonu.
             Slain by Maggie
             ... wielding a +0 vorpal halberd
              (7 damage)
             ... on level 10 of the Dungeon.
             The game lasted 00:09:19 (3881 turns).

MisterFreud the Skirmisher (FoAK)                   Turns: 3881, Time: 00:09:20

Health: 0/52       AC:  7    Str: 18    XL:     6   Next: 48%
Magic:  7/7        EV: 10    Int: 14    God:    Lugonu [**....]
Gold:   172        SH:  0    Dex: 10    Spells: 5/5 levels left

rFire    + . .     SeeInvis +   a - +2 hand axe
rCold    + . .     Gourm    .   (no shield)
rNeg     . . .     Faith    .   e - +0 ring mail
rPois    +         Spirit   .   (helmet unavailable)
rElec    +         Reflect  .   (no cloak)
rCorr    +         Harm     .   i - +1 pair of gloves
MR       .....     Clarity  +   (no boots)
Stlth    ..........             (no amulet)
HPRegen  0.17/turn              (no ring)
MPRegen  0.10/turn              (no ring)

@: mighty, resistant
A: permanent stasis, dig shafts and tunnels, four strong arms, antennae 3,
clarity, clever 1
a: Dig, Shaft Self, Depart the Abyss, Bend Space, Renounce Religion


You were on level 10 of the Dungeon.
You worshipped Lugonu.
Lugonu was pleased with you.
You were hungry.

You visited 1 branch of the dungeon, and saw 7 of its levels.
You visited the Abyss 1 time.

You collected 172 gold pieces.

Inventory:

Hand Weapons
 a - a +2 hand axe (weapon)
Missiles
 b - 181 stones (quivered)
 k - 35 sling bullets
 m - 15 bolts
Armour
 e - a +0 ring mail (worn)
 i - a +1 pair of gloves (worn)
Scrolls
 o - a scroll of remove curse
Potions
 d - 5 potions of curing
 l - 2 potions of resistance
 t - a potion of magic {unknown}
Comestibles
 c - 8 rations


   Skills:
 - Level 6.0 Fighting
 + Level 4.4 Axes
 - Level 2.1 Armour
 - Level 0.8 Dodging
 - Level 2.1 Invocations


You had 5 spell levels left.
You didn't know any spells.
Your spell library was empty.

Dungeon Overview and Level Annotations

Branches:
Dungeon (11/15)
 Temple: D:4-7         Lair: D:8-11         Orc: D:9-12

Altars:
Okawaru
Trog
Vehumet

Annotations:
D:10 Maggie


Innate Abilities, Weirdness & Mutations

You cannot be hasted, slowed, berserked, paralysed or teleported.
You can dig through walls and to a lower floor.
Your four strong arms can wield two-handed weapons with a shield.
You have a pair of large antennae on your head. (SInv)
You possess an exceptional clarity of mind.
Your mind is acute. (Int +2)


Message History

The centaur closely misses you.
Maggie smiles, but it's obviously fake.
Maggie hits you with a +0 vorpal halberd.
The centaur hits you but does no damage.
Unknown command.
You slash Maggie!
Maggie is almost dead.
You slash the centaur!
You kill the centaur!
Lugonu accepts your kill.
Your Axes skill increases to level 4!
You break out of your daze.
Maggie casts a spell at you. The bolt of fire hits you! You resist.
* * * LOW HITPOINT WARNING * * *
Unknown command.
You slash Maggie!
Maggie is almost dead.
Maggie hits you with a +0 vorpal halberd!
You die...

..............#
...............#
...............#
...............#
...............#
...............#
...............#
......@).(.....#
.#####@.#####.#
#.## #># #...#
#.# #...PP# #.#
#....PPP###.#
#...PPPP#...#
....PPPP#...# .
....PPPPP#...#
..
.....PP.PP#...#


You could see Maggie.

Vanquished Creatures
  A centaur (D:10)
  A gnoll shaman (D:7)
  7 adders
  A shadow imp (D:7)
  4 oozes
  4 worms
  A dart slug (D:2)
  5 leopard geckos
  7 giant cockroaches
  5 goblins
  4 hobgoblins
  2 jackals (D:7)
  6 kobolds
  3 quokkas
  A ball python (D:3)
  4 bats
  5 frilled lizards
  5 rats
66 creatures vanquished.

Vanquished Creatures (others)
  A goblin (D:3)
  A kobold (D:2)
2 creatures vanquished.

Grand Total: 68 creatures vanquished

Notes
Turn   | Place    | Note
-------+----------+-------------------------------------------
     0 | Abyss:1  | MisterFreud the Formicid Abyssal Knight began the quest for
                  | the Orb.
     0 | Abyss:1  | Reached XP level 1. HP: 18/18 MP: 2/2
    74 | Abyss:1  | Noticed an apocalypse crab
    75 | D:1      | Escaped the Abyss
   523 | D:1      | Reached XP level 2. HP: 23/25 MP: 3/3
   563 | D:1      | Reached skill level 4 in Fighting
   600 | D:1      | Reached * piety under Lugonu
   776 | D:1      | Reached XP level 3. HP: 30/31 MP: 4/4
  1410 | D:2      | Reached skill level 5 in Fighting
  1424 | D:2      | Found a radiant altar of Vehumet.
  1492 | D:2      | Reached XP level 4. HP: 37/39 MP: 5/5
  2426 | D:3      | Reached ** piety under Lugonu
  2426 | D:3      | Reached XP level 5. HP: 46/46 MP: 6/6
  2525 | D:3      | Reached skill level 6 in Fighting
  2951 | D:4      | Noticed an ogre
  3013 | D:4      | Found a bloodstained altar of Trog.
  3064 | D:4      | You fall into a shaft and drop 3 floors!
  3404 | D:7      | Found an iron altar of Okawaru.
  3543 | D:7      | Reached XP level 6. HP: 27/52 MP: 7/7
  3551 | D:7      | Noticed an ogre
  3556 | D:7      | You fall into a shaft and drop 3 floors!
  3556 | D:10     | Entered Level 10 of the Dungeon
  3852 | D:11     | Noticed a sky beast
  3863 | D:10     | Noticed Maggie
  3869 | D:10     | Gained mutation: You possess an exceptional clarity of
                  | mind. [potion of mutation]
  3869 | D:10     | Gained mutation: Your mind is acute. (Int +2) [potion of
                  | mutation]
  3881 | D:10     | Slain by Maggie

Levels and vault maps discovered:
D:1:      psy_arrival_terrarium, layout_loops_cross
D:2:      layout_basic, fiery_altar_vehumet, due_unseen_surprise
D:3:      layout_basic, first_ration, lemuel_another_geyser
D:4:      layout_basic, kennysheep_mini_moat, lemuel_crystal_altar,
          gup_sewer_entry_bubbles, nicolae_ossuary_entry_catacombs,
          minmay_bisected
D:7:      layout_cave_pods, basic_altar
D:10:     minmay_s_stair_smasher, layout_long_grid, david_lair_shrubbed,
          basic_altar, uniq_harold, uniq_maggie
D:11:     layout_stronghold

Skill      XL: |  1  2  3  4  5  6 |
---------------+-------------------+-----
Fighting       | 4 5 6 |  6.0
Axes           | 3 4 |  4.4
Armour         | |  2.1
Dodging        | |  0.8
Invocations    | |  2.1

Action                   |  1- 3 |  4- 6 || total
-------------------------+-------+-------++-------
Melee: Hand axe          |   106 |   166 ||   272
Throw: Stone             |     1 |    11 ||    12
       Dart              |       |    23 ||    23
Invok: Depart the Abyss  |     1 |       ||     1
 Abil: Shaft Self        |       |     2 ||     2
       Dig               |       |     1 ||     1
  Use: Scroll            |       |     9 ||     9
       Potion            |       |     3 ||     3
  Eat: Chunk             |     2 |     8 ||    10
Armor: Leather armour    |     2 |       ||     2
       Ring mail         |    48 |    70 ||   118
Dodge: Dodged            |    66 |    95 ||   161

Table legend:
 A = Non-vault XP
 B = Vault XP
 C = Vault XP percentage of total XP
 D = Non-vault monster count
 E = Vault monster count
 F = Vault count percentage of total count
                 A         B        C        D         E       F
            +---------+---------+-------+---------+---------+-------
      Total |     276 |     114 |  29.2 |      64 |       2 |   3.0
            +---------+---------+-------+---------+---------+-------
        D:1 |      48 |       0 |   0.0 |      25 |       0 |   0.0
        D:2 |      57 |       0 |   0.0 |      14 |       0 |   0.0
        D:3 |      76 |       0 |   0.0 |      15 |       0 |   0.0
        D:4 |       7 |       0 |   0.0 |       2 |       0 |   0.0
        D:7 |      88 |       0 |   0.0 |       8 |       0 |   0.0
       D:10 |       0 |     114 | 100.0 |       0 |       2 | 100.0
            +---------+---------+-------+---------+---------+-------
